| TOP OF THE 1ST |
|
Milwaukee (NYP) Brewers batting - Pitching for Tri-City Dust Devils : RHP Zach Monlux
|
|
Pitching: RHP Zach Monlux
|
|
|
Batting: SHB Aaron Neill
|
0-0: Called Strike 0-1: Ball 1-1: Foul Ball, location: 2F 1-2: Ball 2-2: Foul Ball, location: 2F 2-2: Ball 3-2: Base on Balls
|
|
Batting: LHB Adam Hill
|
0-0: Foul Ball, location: 2F 0-1: Ball 1-1: SINGLE (Line Drive, 56, EV 95.0 MPH) Aaron Neill to second
|
|
Batting: SHB Orlando Torres
|
0-0: Ball 1-0: Called Strike 1-1: Called Strike 1-2: Ball Passed Ball! Aaron Neill to third Adam Hill to second 2-2: Strikes out swinging
|
|
Batting: RHB Ben Taylor
|
0-0: Foul Ball, location: 2F 0-1: Ground out U3 (Groundball, 34, EV 102.5 MPH) Aaron Neill scores Adam Hill to third
|
|
Batting: RHB Chris Maul
|
0-0: Foul Ball, location: 2F 0-1: Called Strike 0-2: Strikes out swinging
|
| Top of the 1st over - 1 run, 1 hit, 0 errors, 1 left on base; Milwaukee (NYP) 1 - Tri-City 0 |
| BOTTOM OF THE 1ST |
|
Tri-City Dust Devils batting - Pitching for Milwaukee (NYP) Brewers : RHP Julian Urbina
|
|
Pitching: RHP Julian Urbina
|
|
|
Batting: RHB Dave McBain
|
0-0: Called Strike 0-1: Ground out 6-3 (Groundball, 6D, EV 83.8 MPH)
|
|
Batting: LHB Roger Duque
|
0-0: Called Strike 0-1: Ball 1-1: Swinging Strike 1-2: Foul Ball, location: 2F 1-2: Strikes out swinging
|
|
Batting: RHB Antonio Lara
|
0-0: Called Strike 0-1: Called Strike 0-2: Ball 1-2: Ball 2-2: Foul Ball, location: 2F 2-2: Ball 3-2: Foul Ball, location: 2F 3-2: Base on Balls
|
|
Batting: SHB Manny Berrones
|
0-0: Ball 1-0: Ball 2-0: Called Strike 2-1: SINGLE (Groundball, 34D, EV 98.8 MPH) Antonio Lara to second Runner from 2nd tries for 3rd, SAFE, throw by RF made at trailing runner, OUT! 9-6
|
| Bottom of the 1st over - 0 runs, 1 hit, 0 errors, 1 left on base; Milwaukee (NYP) 1 - Tri-City 0 |
| TOP OF THE 2ND |
|
Milwaukee (NYP) Brewers batting - Pitching for Tri-City Dust Devils : RHP Zach Monlux
|
|
Batting: LHB Sal Burgos
|
0-0: Called Strike 0-1: Ball 1-1: Called Strike 1-2: Strikes out swinging
|
|
Batting: LHB Umar Matoub
|
0-0: Swinging Strike 0-1: Ball 1-1: Called Strike 1-2: SINGLE (Line Drive, 8RS, EV 108.1 MPH)
|
|
Batting: RHB Victor Alarcon
|
0-0: Swinging Strike 0-1: Called Strike 0-2: Ball 1-2: Ball 2-2: Strikes out swinging
|
|
Batting: RHB Gene Sutton
|
0-0: Called Strike 0-1: Fielders Choice at 2nd, 6-4 (Groundball, 6, EV 83.8 MPH)
|
| Top of the 2nd over - 0 runs, 1 hit, 0 errors, 1 left on base; Milwaukee (NYP) 1 - Tri-City 0 |
| BOTTOM OF THE 2ND |
|
Tri-City Dust Devils batting - Pitching for Milwaukee (NYP) Brewers : RHP Julian Urbina
|
|
Batting: RHB Hector Fernandez
|
0-0: Called Strike 0-1: Foul Ball, location: 2F 0-2: SINGLE (Line Drive, 8RS, EV 98.1 MPH)
|
|
Batting: SHB Blake Abbott
|
0-0: Foul Ball, location: 2F 0-1: Swinging Strike 0-2: Hit by Pitch Hector Fernandez to second
|
|
Batting: RHB Paul Van Gilder
|
0-0: Fly out, F9 (Flyball, 9LS, EV 96.9 MPH)
|
|
Batting: RHB Eduardo Calderon
|
0-0: Ball 1-0: Ball Hector Fernandez steals 3rd base 2-0: Swinging Strike 2-1: Foul Ball, location: 2F 2-2: Fielders Choice at 2nd, 6-4 (Groundball, 56, EV 88.8 MPH) Hector Fernandez scores
|
|
Batting: RHB Max Stillo
|
0-0: Ball 1-0: Ball 2-0: Ball 3-0: Base on Balls Eduardo Calderon to second
|
|
Batting: RHB Dave McBain
|
0-0: DOUBLE (Flyball, 8RD, EV 91.2 MPH) Eduardo Calderon scores Max Stillo to third Runner from 3rd tries for Home, SAFE, throw by CF to trailing runner, OUT at third! 8-3-5
|
| Bottom of the 2nd over - 3 runs, 2 hits, 0 errors, 0 left on base; Milwaukee (NYP) 1 - Tri-City 3 |
| TOP OF THE 3RD |
|
Milwaukee (NYP) Brewers batting - Pitching for Tri-City Dust Devils : RHP Zach Monlux
|
|
Batting: SHB Aaron Neill
|
0-0: Swinging Strike 0-1: Ball 1-1: Fly out, F3 (Line Drive, 3, EV 70.6 MPH)
|
|
Batting: LHB Adam Hill
|
0-0: Ball 1-0: Called Strike 1-1: Ground out 5-3 (Groundball, 5L, EV 85.6 MPH)
|
|
Batting: SHB Orlando Torres
|
0-0: Called Strike 0-1: Ball 1-1: Called Strike 1-2: Ball 2-2: Strikes out swinging
|
| Top of the 3rd over - 0 runs, 0 hits, 0 errors, 0 left on base; Milwaukee (NYP) 1 - Tri-City 3 |
| BOTTOM OF THE 3RD |
|
Tri-City Dust Devils batting - Pitching for Milwaukee (NYP) Brewers : RHP Julian Urbina
|
|
Batting: LHB Roger Duque
|
0-0: Called Strike 0-1: Swinging Strike 0-2: Strikes out swinging
|
|
Batting: RHB Antonio Lara
|
0-0: DOUBLE (Flyball, 8RXD, EV 97.5 MPH)
|
|
Batting: SHB Manny Berrones
|
0-0: Foul Ball, location: 2F 0-1: Foul Ball, location: 2F 0-2: Strikes out swinging
|
|
Batting: RHB Hector Fernandez
|
0-0: Foul Ball, location: 2F 0-1: Ball 1-1: Swinging Strike 1-2: Foul Ball, location: 2F 1-2: Foul Ball, location: 2F 1-2: Ball 2-2: Strikes out swinging
|
| Bottom of the 3rd over - 0 runs, 1 hit, 0 errors, 1 left on base; Milwaukee (NYP) 1 - Tri-City 3 |
| TOP OF THE 4TH |
|
Milwaukee (NYP) Brewers batting - Pitching for Tri-City Dust Devils : RHP Zach Monlux
|
|
Batting: RHB Ben Taylor
|
0-0: Ball 1-0: Called Strike 1-1: Ball 2-1: Foul Ball, location: 2F 2-2: SINGLE (Groundball, 56, EV 108.1 MPH)
|
|
Batting: RHB Chris Maul
|
0-0: Ball 1-0: Ball 2-0: Swinging Strike 2-1: Foul Ball, location: 2F 2-2: TRIPLE (Line Drive, 9D, EV 106.2 MPH) Ben Taylor scores
|
|
Batting: LHB Sal Burgos
|
0-0: Swinging Strike 0-1: Ball 1-1: Foul Ball, location: 2F 1-2: Ball 2-2: Strikes out swinging
|
|
Batting: LHB Umar Matoub
|
0-0: Called Strike 0-1: Foul Ball, location: 2F 0-2: Ground out 4-3 (Groundball, 4, EV 107.5 MPH) Chris Maul scores
|
|
Batting: RHB Victor Alarcon
|
0-0: Swinging Strike 0-1: Ball 1-1: Foul Ball, location: 2F 1-2: Strikes out swinging
|
| Top of the 4th over - 2 runs, 2 hits, 0 errors, 0 left on base; Milwaukee (NYP) 3 - Tri-City 3 |
| BOTTOM OF THE 4TH |
|
Tri-City Dust Devils batting - Pitching for Milwaukee (NYP) Brewers : RHP Julian Urbina
|
|
Batting: SHB Blake Abbott
|
0-0: Ball 1-0: Foul Ball, location: 2F 1-1: Foul Ball, location: 2F 1-2: Ground out 4-3 (Groundball, 34, EV 85.0 MPH)
|
|
Batting: RHB Paul Van Gilder
|
0-0: Ball 1-0: Ball 2-0: Foul Ball, location: 2F 2-1: Foul Ball, location: 2F 2-2: Foul Ball, location: 2F 2-2: SOLO HOME RUN (Flyball, 78XD, EV 106.9 MPH), Distance : 394 ft
|
|
Batting: RHB Eduardo Calderon
|
0-0: Called Strike 0-1: Ball 1-1: Ball 2-1: Foul Ball, location: 2F 2-2: Ball 3-2: Strikes out swinging
|
|
Batting: RHB Max Stillo
|
0-0: Ball 1-0: Swinging Strike 1-1: Foul Ball, location: 2F 1-2: Ball 2-2: Strikes out swinging
|
| Bottom of the 4th over - 1 run, 1 hit, 0 errors, 0 left on base; Milwaukee (NYP) 3 - Tri-City 4 |
| TOP OF THE 5TH |
|
Milwaukee (NYP) Brewers batting - Pitching for Tri-City Dust Devils : RHP Zach Monlux
|
|
Batting: RHB Gene Sutton
|
0-0: Ball 1-0: Foul Ball, location: 2F 1-1: Ground out U3 (Groundball, 3L, EV 75.6 MPH)
|
|
Batting: SHB Aaron Neill
|
0-0: Called Strike 0-1: Swinging Strike 0-2: Foul Ball, location: 2F 0-2: Ball 1-2: Ball 2-2: Ball 3-2: Base on Balls
|
|
Batting: LHB Adam Hill
|
0-0: Called Strike 0-1: Foul Ball, location: 2F 0-2: Foul Ball, location: 2F 0-2: Ball 1-2: Fly out, F9 (Flyball, 89S, EV 91.9 MPH)
|
|
Batting: SHB Orlando Torres
|
Balk! Aaron Neill to second 0-0: Ball 1-0: Called Strike 1-1: Swinging Strike 1-2: Ball 2-2: Foul Ball, location: 2F 2-2: Strikes out swinging
|
| Top of the 5th over - 0 runs, 0 hits, 0 errors, 1 left on base; Milwaukee (NYP) 3 - Tri-City 4 |
| BOTTOM OF THE 5TH |
|
Tri-City Dust Devils batting - Pitching for Milwaukee (NYP) Brewers : RHP Julian Urbina
|
|
Batting: RHB Dave McBain
|
0-0: Ball 1-0: SINGLE (Groundball, 6MD, EV 110.6 MPH)
|
|
Batting: LHB Roger Duque
|
0-0: Fielders Choice at 2nd, 6-4 (Groundball, 6, EV 85.6 MPH)
|
|
Batting: RHB Antonio Lara
|
0-0: Called Strike 0-1: Foul Ball, location: 2F 0-2: Ball 1-2: Ball 2-2: Ball Roger Duque is caught stealing 2nd base 2-4 3-2: Base on Balls
|
|
Pitching: RHP Harry Hammons
|
|
|
Batting: SHB Manny Berrones
|
0-0: Ball 1-0: Ball 2-0: Fly out, F8 (Flyball, 8RM, EV 85.6 MPH)
|
| Bottom of the 5th over - 0 runs, 1 hit, 0 errors, 1 left on base; Milwaukee (NYP) 3 - Tri-City 4 |
| TOP OF THE 6TH |
|
Milwaukee (NYP) Brewers batting - Pitching for Tri-City Dust Devils : RHP Zach Monlux
|
|
Batting: RHB Ben Taylor
|
0-0: Foul Ball, location: 2F 0-1: Ball 1-1: Foul Ball, location: 2F 1-2: Ball 2-2: SINGLE (Groundball, 6D, EV 102.5 MPH)
|
|
Batting: RHB Chris Maul
|
0-0: Ball 1-0: Foul Ball, location: 2F 1-1: Swinging Strike 1-2: Foul Ball, location: 2F 1-2: Ball 2-2: Grounds into double play, 4-6-3 (Groundball, 4, EV 108.1 MPH)
|
|
Batting: LHB Sal Burgos
|
0-0: Swinging Strike 0-1: Swinging Strike 0-2: Fly out, F8 (Flyball, 78M, EV 98.1 MPH)
|
| Top of the 6th over - 0 runs, 1 hit, 0 errors, 0 left on base; Milwaukee (NYP) 3 - Tri-City 4 |
| BOTTOM OF THE 6TH |
|
Tri-City Dust Devils batting - Pitching for Milwaukee (NYP) Brewers : RHP Harry Hammons
|
|
Batting: RHB Hector Fernandez
|
0-0: Ball 1-0: Ball 2-0: Ball 3-0: Called Strike 3-1: Base on Balls
|
|
Batting: SHB Blake Abbott
|
0-0: Called Strike 0-1: Ball 1-1: Foul Ball, location: 2F 1-2: Foul Ball, location: 2F 1-2: Ball 2-2: Foul Ball, location: 2F 2-2: 2-RUN HOME RUN (Flyball, 9LD, EV 88.8 MPH), Distance : 327 ft
|
|
Batting: RHB Paul Van Gilder
|
0-0: Foul Ball, location: 2F 0-1: Ball 1-1: Ball 2-1: Ball 3-1: Base on Balls
|
|
Batting: RHB Eduardo Calderon
|
0-0: Ball 1-0: Ball 2-0: Foul Ball, location: 2F 2-1: Foul Ball, location: 2F 2-2: Ball 3-2: Base on Balls Paul Van Gilder to second
|
|
Batting: RHB Max Stillo
|
0-0: Ball 1-0: Ball 2-0: Ball 3-0: Called Strike 3-1: Base on Balls Paul Van Gilder to third Eduardo Calderon to second
|
|
Batting: RHB Dave McBain
|
0-0: Foul Ball, location: 2F 0-1: Ball 1-1: Swinging Strike 1-2: Strikes out swinging
|
|
Batting: LHB Roger Duque
|
0-0: Ball 1-0: Foul Ball, location: 2F 1-1: Ball 2-1: Fly out, F8 (Line Drive, 89D, EV 94.4 MPH) Runner from 3rd tags up, SCORES, no throw by CF
|
|
Pitching: RHP Ryan Walker
|
|
|
Batting: RHB Antonio Lara
|
0-0: Called Strike 0-1: Ball 1-1: Called Strike 1-2: Ball 2-2: Ball 3-2: Base on Balls Eduardo Calderon to third Max Stillo to second
|
|
Batting: SHB Manny Berrones
|
0-0: Ball 1-0: SINGLE (Flyball, 8LS, EV 90.0 MPH) Eduardo Calderon scores Max Stillo to third Antonio Lara to second Runner from 3rd tries for Home, throw by CF and OUT! 8-2
|
| Bottom of the 6th over - 4 runs, 2 hits, 0 errors, 2 left on base; Milwaukee (NYP) 3 - Tri-City 8 |
| TOP OF THE 7TH |
|
Milwaukee (NYP) Brewers batting - Pitching for Tri-City Dust Devils : RHP Zach Monlux
|
|
Pitching: RHP Nick Jamison
|
|
|
Batting: LHB Umar Matoub
|
0-0: Ball 1-0: Foul Ball, location: 2F 1-1: Ball 2-1: Ball 3-1: Foul Ball, location: 2F 3-2: Foul Ball, location: 2F 3-2: Strikes out swinging
|
|
Batting: RHB Victor Alarcon
|
0-0: Ball 1-0: Ball 2-0: Ball 3-0: Base on Balls
|
|
Batting: RHB Gene Sutton
|
0-0: Ball 1-0: Foul Ball, location: 2F 1-1: Ball Pickoff Throw by Catcher to First - Out! 2-1: Foul Ball, location: 2F 2-2: Ground out 5-3 (Groundball, 56S, EV 63.8 MPH)
|
| Top of the 7th over - 0 runs, 0 hits, 0 errors, 0 left on base; Milwaukee (NYP) 3 - Tri-City 8 |
| BOTTOM OF THE 7TH |
|
Tri-City Dust Devils batting - Pitching for Milwaukee (NYP) Brewers : RHP Ryan Walker
|
|
Batting: RHB Hector Fernandez
|
0-0: Foul Ball, location: 2F 0-1: SINGLE (Groundball, 6M, EV 102.5 MPH) (infield hit)
|
|
Batting: SHB Blake Abbott
|
0-0: Swinging Strike 0-1: Ball 1-1: Swinging Strike 1-2: Ball 2-2: Strikes out swinging
|
|
Batting: RHB Paul Van Gilder
|
0-0: Ball 1-0: Fly out, F2 (Popup, 5SF, EV 81.2 MPH)
|
|
Batting: RHB Eduardo Calderon
|
0-0: Ball 1-0: Foul Ball, location: 2F 1-1: Ball 2-1: Foul Ball, location: 2F 2-2: Foul Ball, location: 2F 2-2: Foul Ball, location: 2F 2-2: Ball 3-2: Base on Balls Hector Fernandez to second
|
|
Pitching: LHP Nolan Hickey
|
|
|
Batting: RHB Max Stillo
|
0-0: Swinging Strike 0-1: Ball 1-1: Foul Ball, location: 2F 1-2: Foul Ball, location: 2F 1-2: Foul Ball, location: 2F 1-2: Ball 2-2: Ball 3-2: Strikes out looking
|
| Bottom of the 7th over - 0 runs, 1 hit, 0 errors, 2 left on base; Milwaukee (NYP) 3 - Tri-City 8 |
| TOP OF THE 8TH |
|
Milwaukee (NYP) Brewers batting - Pitching for Tri-City Dust Devils : RHP Nick Jamison
|
|
Batting: SHB Aaron Neill
|
0-0: Ground out 4-3 (Groundball, 4S, EV 63.8 MPH)
|
|
Batting: LHB Adam Hill
|
0-0: Called Strike 0-1: Swinging Strike 0-2: Ball 1-2: Strikes out swinging
|
|
Batting: SHB Orlando Torres
|
0-0: Ball 1-0: Called Strike 1-1: Ball 2-1: Foul Ball, location: 2F 2-2: Foul Ball, location: 2F 2-2: Ball 3-2: DOUBLE (Line Drive, 3D, EV 97.5 MPH)
|
|
Batting: RHB Ben Taylor
|
0-0: Called Strike 0-1: Swinging Strike 0-2: Ball 1-2: Strikes out swinging
|
| Top of the 8th over - 0 runs, 1 hit, 0 errors, 1 left on base; Milwaukee (NYP) 3 - Tri-City 8 |
| BOTTOM OF THE 8TH |
|
Tri-City Dust Devils batting - Pitching for Milwaukee (NYP) Brewers : LHP Nolan Hickey
|
|
Batting: RHB Dave McBain
|
0-0: Ball 1-0: SINGLE (Groundball, 4MD, EV 98.8 MPH)
|
|
Batting: LHB Roger Duque
|
0-0: Called Strike Dave McBain is caught stealing 2nd base 2-6 0-1: Swinging Strike 0-2: Ball 1-2: Ball 2-2: Foul Ball, location: 2F 2-2: Strikes out swinging
|
|
Batting: RHB Antonio Lara
|
0-0: Called Strike 0-1: Ball 1-1: Foul Ball, location: 2F 1-2: Hit by Pitch
|
|
Batting: SHB Manny Berrones
|
0-0: Ball 1-0: Ball 2-0: Ball 3-0: Base on Balls Antonio Lara to second
|
|
Batting: RHB Hector Fernandez
|
0-0: Called Strike 0-1: SINGLE (Groundball, 4MD, EV 106.9 MPH) Antonio Lara to third Manny Berrones to second Runner from 3rd tries for Home, SAFE, throw by CF to home
|
|
Batting: SHB Blake Abbott
|
0-0: Called Strike 0-1: Ball 1-1: Foul Ball, location: 2F 1-2: Strikes out looking
|
| Bottom of the 8th over - 1 run, 2 hits, 0 errors, 2 left on base; Milwaukee (NYP) 3 - Tri-City 9 |
| TOP OF THE 9TH |
|
Milwaukee (NYP) Brewers batting - Pitching for Tri-City Dust Devils : RHP Nick Jamison
|
|
Batting: RHB Chris Maul
|
0-0: Called Strike 0-1: Ball 1-1: SINGLE (Groundball, 4MS, EV 66.9 MPH) (infield hit)
|
|
Pitching: RHP Moby Cock
|
|
|
Batting: LHB Sal Burgos
|
0-0: Ball 1-0: Ball 2-0: Ground out 6-3 (Groundball, 4S, EV 88.8 MPH) Chris Maul to second
|
|
Batting: LHB Umar Matoub
|
0-0: Ball 1-0: Ball 2-0: Ball 3-0: Called Strike 3-1: Foul Ball, location: 2F 3-2: Foul Ball, location: 2F 3-2: Ground out 3-1 (Groundball, 3L, EV 99.4 MPH) Chris Maul to third
|
|
Batting: RHB Victor Alarcon
|
0-0: Ball 1-0: Called Strike 1-1: Ball Wild Pitch! Chris Maul scores 2-1: Ball 3-1: Foul Ball, location: 2F 3-2: Base on Balls
|
|
Batting: RHB Gene Sutton
|
0-0: Fielders Choice at 2nd, 6-4 (Groundball, 56, EV 82.5 MPH)
|
| Top of the 9th over - 1 run, 1 hit, 0 errors, 1 left on base; Milwaukee (NYP) 4 - Tri-City 9 |
|